 Dungeon Crawl Stone Soup version 0.23-a0-393-g6e9e0f2 (webtiles) character file.

8077 Cryolive the Geomancer (level 11, -2/64 HPs)
             Began as a Gargoyle Earth Elementalist on Oct 31, 2018.
             Was a Priest of Vehumet.
             Slain by an ice devil (10 damage)
             ... on level 12 of the Dungeon.
             The game lasted 00:24:18 (9803 turns).

Cryolive the Geomancer (GrEE)                       Turns: 9803, Time: 00:24:20

Health: -2/64      AC: 15    Str: 12    XL:     11   Next: 25%
Magic:  0/21       EV: 14    Int: 19    God:    Vehumet [***...]
Gold:   480        SH:  0    Dex: 10    Spells: 15/24 levels left

rFire    . . .     SeeInvis .   B - +5 hand axe (elec)
rCold    . . .     Gourm    .   (no shield)
rNeg     + . .     Faith    .   F - +2 robe {MR+}
rPois    ∞         Spirit   .   l - +2 helmet
rElec    +         Reflect  .   (no cloak)
rCorr    .         Harm     .   (no gloves)
MR       ++...                  (no boots)
Stlth    ++........             y - amulet of regeneration
HPRegen  0.60/turn              D - ring of protection from magic
MPRegen  0.17/turn              (no ring)

@: no status effects
A: negative energy resistance 1, electricity resistance, unbreathing,
petrification resistance, rot immunity, AC +8
a: Renounce Religion


You were on level 12 of the Dungeon.
You worshipped Vehumet.
Vehumet was most pleased with you.
You were near starving.

You visited 2 branches of the dungeon, and saw 11 of its levels.

You collected 480 gold pieces.

Inventory:

Hand Weapons
 k - a +0 quarterstaff
 B - a +5 hand axe of electrocution (weapon)
Missiles
 b - 241 stones (quivered)
Armour
 l - a +2 helmet (worn)
 F - a +2 robe of magic resistance (worn)
 M - a +2 pair of boots
Magical Staves
 O - an uncursed staff of wizardry
Jewellery
 x - an uncursed amulet of faith
 y - an amulet of regeneration (around neck)
 D - a ring of protection from magic (left hand)
Wands
 c - a wand of flame (11)
 s - a wand of polymorph (7)
 E - a wand of enslavement (9)
 H - a wand of scattershot (11)
 J - a wand of iceblast (6)
 N - a wand of digging (6)
Scrolls
 a - 3 scrolls of noise
 f - 6 scrolls of remove curse
 g - a scroll of amnesia
 i - 8 scrolls of identify
 j - 2 scrolls of teleportation
 q - 2 scrolls of enchant weapon
 z - 2 scrolls of fog
 G - a scroll of fear
 K - a scroll of blinking
Potions
 e - a potion of flight {unknown}
 h - 7 potions of brilliance
 m - 2 potions of lignification {unknown}
 n - a potion of might {unknown}
 o - 2 potions of heal wounds {unknown}
 p - 4 potions of curing {unknown}
 r - a potion of cancellation {unknown}
 t - a potion of mutation {unknown}
 u - a potion of ambrosia {unknown}
 v - a potion of magic {unknown}
 w - a potion of degeneration {unknown}
 C - 2 potions of resistance
 L - a potion of haste {unknown}
Comestibles
 d - 27 rations


   Skills:
 + Level 6.2 Fighting
 + Level 4.0 Staves
 - Level 6.0 Armour
 + Level 5.1 Dodging
 - Level 2.1 Stealth
 + Level 7.0 Spellcasting
 + Level 7.4 Conjurations
   Level 0.7 Transmutations
 + Level 9.6 Earth Magic
 + Level 3.6 Evocations


You had 15 spell levels left.
You knew the following spells:

 Your Spells              Type           Power        Failure   Level  Hunger
a - Sandblast             Erth           #####.       1%          1    None
b - Stone Arrow           Conj/Erth      #####.       1%          3    #......
c - Lee's Rapid Deconstr  Erth           #####.....   1%          5    #####..

Your spell library contained the following spells:

 Spells                   Type           Power        Failure   Level  Hunger
 Searing Ray              Conj           ####..       1%          2    None
 Passwall                 Tmut/Erth      ####....     1%          2    None
 Petrify                  Tmut/Erth      ####....     12%         4    ###....


Dungeon Overview and Level Annotations

Branches:
Dungeon (9/15)             Temple (1/1) D:4             Orc (0/2) D:9
   Lair: D:8-11

Altars:
Ashenzari
Cheibriados
Dithmenos
Elyvilon
Fedhas
Gozag
Kikubaaqudgha
Makhleb
Nemelex Xobeh
Okawaru
Qazlal
Ru
Sif Muna
Trog
Uskayaw
Vehumet
Xom
Yredelemnul
Zin
The Shining One

Shops:
D:9 [!%

Portals:
Ice
Cave: D:12


Innate Abilities, Weirdness & Mutations

You are resistant to torment.
Your stone body is resilient. (AC +8)
You are immune to poison.
You resist negative energy. (rN+)
You are resistant to electric shocks. (rElec)
You can survive without breathing.
You are immune to petrification.
You are immune to rotting.


Message History

The ice devil is heavily wounded.
b - 241 stones The ice devil misses you.
You hit the ice devil.
Lightning courses through the ice devil!
You kill the ice devil!
Vehumet accepts your kill.
Your Staves skill increases to level 4!
Your Spellcasting skill increases to level 7!
You hit the ice devil but do no damage. The ice devil barely misses you.
You hit the ice devil but do no damage.
The ice devil hits you but does no damage.
You hit the ice devil.
The ice devil is lightly wounded.
The ice devil hits you. The ice devil freezes you!
* * * LOW HITPOINT WARNING * * *
The ice devil hits you!
* * * LOW HITPOINT WARNING * * *
The ice devil freezes you!
You die...

,,≈≈≈≈≈≈≈* *,,,*******,,,**
...###############,,,* *,,,*
..................,,,*******,,,**
.................,,,,,,,,,,,,,,,>
...............#*********,,,,,,,,
...............# ***###*,,,,,,,,
...............###*,...#*,,,,,,,,
...............+.##....#*,,,,,,,,
...............#@4....∩#*,...#***
.......#######.'.##....#*....#
.......# #####*,,..##....#
!......######### *****##....####
...............##########........
....................^............
###..............................
#..............................
**#..............................


You could see an ice devil.

Vanquished Creatures
  Harold (D:8)
  An unseen horror (D:9)
  2 gargoyles (D:12)
  An ice devil (D:12)
  Grinder (D:3)
  A hornet (D:8)
  2 hippogriffs
  A wraith (D:12)
  3 yaks (D:8)
  A hungry ghost (D:8)
  Edmund (D:5)
  2 soldier ants (D:8)
  A black bear (D:7)
  An orc warrior (D:9)
  3 ice beasts
  4 ogres
  2 phantoms
  4 centaurs
  A crocodile (D:9)
  A big kobold (D:9)
  5 bullfrogs
  A gnoll sergeant (D:8)
  A scorpion (D:7)
  3 killer bees (D:12)
  9 wights
  4 howler monkeys
  7 crimson imps
  A bullfrog zombie (D:8)
  2 jellies
  4 hounds
  4 orc priests
  2 bullfrog skeletons
  4 iguanas
  5 orc wizards
  6 worker ants
  Terence (D:3)
  A killer bee zombie (D:6)
  A hound skeleton (D:4)
  8 gnolls
  A howler monkey skeleton (D:4)
  20 adders
  4 shadow imps
  3 oozes
  An adder skeleton (D:9)
  7 worms
  A dart slug (D:3)
  4 leopard geckos
  32 orcs
  5 bats
  5 giant cockroaches
  9 goblins
  5 hobgoblins
  14 jackals
  7 quokkas
  4 ball pythons
  5 frilled lizards
  A jackal skeleton (D:6)
  A jackal zombie (D:5)
  5 kobolds
  A leopard gecko skeleton (D:4)
  A quokka zombie (D:5)
  11 rats
250 creatures vanquished.

Vanquished Creatures (collateral kills)
  A wyvern (D:12)
  A basilisk (D:12)
  A hound (D:12)
3 creatures vanquished.

Vanquished Creatures (others)
  A plant (D:9)
1 creature vanquished.

Grand Total: 254 creatures vanquished

Notes
Turn   | Place    | Note
-------+----------+-------------------------------------------
     0 | D:1      | Cryolive the Gargoyle Earth Elementalist began the quest
                  | for the Orb.
     0 | D:1      | Reached XP level 1. HP: 10/10 MP: 3/3
   347 | D:1      | Reached skill level 4 in Earth Magic
   347 | D:1      | Reached XP level 2. HP: 15/15 MP: 5/5
  1192 | D:2      | Reached XP level 3. HP: 16/19 MP: 7/7
  1197 | D:2      | Learned a level 3 spell: Stone Arrow
  1640 | D:2      | Reached skill level 1 in Conjurations
  1640 | D:2      | Reached XP level 4. HP: 7/24 MP: 5/8
  1846 | D:2      | HP: 1/24 [worm (8)]
  2545 | D:3      | Reached skill level 5 in Earth Magic
  2762 | D:3      | Reached XP level 5. HP: 25/28 MP: 9/9
  2849 | D:3      | Noticed Grinder
  3463 | D:3      | Noticed Terence
  3465 | D:3      | Killed Terence
  3634 | D:3      | Paralysed by Grinder for 7 turns
  3644 | D:3      | Killed Grinder
  3644 | D:3      | Reached skill level 6 in Earth Magic
  3644 | D:3      | Reached XP level 6. HP: 19/32 MP: 0/12
  3806 | D:4      | Reached XP level 7. HP: 24/37 MP: 10/13
  3945 | D:4      | Reached skill level 1 in Fighting
  3945 | D:4      | Reached skill level 1 in Armour
  4367 | D:4      | Found a staircase to the Ecumenical Temple.
  4387 | Temple   | Entered the Ecumenical Temple
  4442 | Temple   | Became a worshipper of Vehumet
  4828 | D:5      | Entered Level 5 of the Dungeon
  4891 | D:5      | Found an iron altar of Okawaru.
  4963 | D:5      | Reached XP level 8. HP: 44/44 MP: 1/15
  5500 | D:5      | Reached * piety under Vehumet
  5500 | D:5      | Offered knowledge of Flame Tongue by Vehumet.
  5707 | D:5      | Reached skill level 7 in Earth Magic
  5782 | D:5      | Noticed Edmund
  5789 | D:5      | Killed Edmund
  5789 | D:5      | Reached skill level 5 in Spellcasting
  5988 | D:5      | Reached skill level 5 in Conjurations
  6191 | D:6      | HP: 2/46 [cloud of flame (15)]
  6276 | D:6      | Reached XP level 9. HP: 51/51 MP: 0/17
  6337 | D:6      | Found a white marble altar of Elyvilon.
  6464 | D:6      | Found a white marble altar of Elyvilon.
  6539 | D:6      | Found an opulent altar of Gozag.
  6539 | D:6      | Found a shattered altar of Ashenzari.
  6540 | D:6      | Found a sparkling altar of Nemelex Xobeh.
  6546 | D:6      | Found a shimmering altar of Xom.
  6789 | D:6      | Offered knowledge of Freeze by Vehumet.
  6822 | D:6      | Reached ** piety under Vehumet
  6831 | D:6      | Found a burning altar of Makhleb.
  6837 | D:6      | Reached skill level 8 in Earth Magic
  7098 | D:7      | Learned a level 5 spell: Lee's Rapid Deconstruction
  7461 | D:7      | Reached skill level 1 in Staves
  7469 | D:7      | Reached skill level 1 in Evocations
  7789 | D:8      | Reached XP level 10. HP: 16/58 MP: 8/19
  7834 | D:8      | Reached skill level 5 in Fighting
  7967 | D:8      | Reached skill level 5 in Armour
  8281 | D:8      | Found a shadowy altar of Dithmenos.
  8650 | D:8      | Found a sacrificial altar of Ru.
  8731 | D:8      | Noticed Harold
  8778 | D:8      | Killed Harold
  8778 | D:8      | Reached skill level 9 in Earth Magic
  9118 | D:8      | Offered knowledge of Searing Ray by Vehumet.
  9231 | D:9      | Found Pommovas's Distillery.
  9237 | D:9      | Found Ucesat's Antique Armour Shop.
  9247 | D:9      | Found a staircase to the Orcish Mines.
  9364 | D:9      | Killed an unseen horror
  9533 | D:9      | Found a deep blue altar of Sif Muna.
  9551 | D:9      | Found Paeden's Food Shop.
  9655 | D:9      | You fall through a shaft for 3 floors!
  9695 | D:12     | Reached *** piety under Vehumet
  9695 | D:12     | Reached XP level 11. HP: 64/64 MP: 11/21
  9708 | D:12     | Reached skill level 5 in Dodging
  9794 | D:12     | Found a frozen archway.
  9803 | D:12     | Slain by an ice devil

Vault maps used:
D:1:      minmay_arrival_radiant_lines
D:2:      kennysheep_six_static_rooms
D:3:      minmay_misc_feat_ornament, uniq_terence, uniq_grinder
D:4:      minmay_temple_entry_glassed_door, first_ration
D:5:      kennysheep_mini_moat, st_stairs_7, dk_rats_in_the_wall, uniq_edmund
D:6:      old_standard_altar, lemuel_crystal_altar, lemuel_crystal_altar,
          nicolae_overflow_hidden_temple, gammafunk_temple_overflow_claw,
          basic_altar, lightli_sewer_entry_pipes
D:8:      nicolae_dithmenos_the_darkroom, lemuel_crystal_altar,
          hangedman_pestilent_swarm, uniq_harold
D:9:      lemuel_blue_sif_altar, lemuel_doored_altar, serial_shops,
          nicolae_shop_overgrown_old_shop, nicolae_shop_behind_doors,
          nicolae_shop_behind_doors, nicolae_shop_trees, nicolae_shop_trees,
          nicolae_qazlal_general_emergency
D:12:     minmay_the_grid_triangle_9x9_line_8_mashed,
          portal_ice_cave_demonic_guard, nicolae_gozag_zags_fifth_avenue
Temple:   zaba_magenta_temple

Skill      XL: |  1  2  3  4  5  6  7  8  9 10 11 |
---------------+----------------------------------+-----
Earth Magic    | 4 5 6 7 8 9 |  9.6
Conjurations   | 1 3 4 5 6 7 |  7.4
Spellcasting   | 3 4 5 6 7 |  7.0
Fighting       | 2 3 4 5 6 |  6.2
Armour         | 2 3 4 5 6 |  6.0
Dodging        | 2 3 4 5 |  5.1
Staves         | 1 3 4 |  4.0
Evocations     | 1 3 |  3.6
Stealth        | |  2.1
Transmutations | |  0.7

Action                   |  1- 3 |  4- 6 |  7- 9 | 10-12 || total
-------------------------+-------+-------+-------+-------++-------
Melee: Unarmed           |    23 |       |       |       ||    23
       Dagger            |   154 |   203 |       |       ||   357
       Flail             |       |    80 |    26 |       ||   106
       Hand axe          |       |       |   296 |   129 ||   425
       Staff             |       |       |       |    35 ||    35
 Cast: Sandblast         |     8 |     8 |    11 |     5 ||    32
       Stone Arrow       |       |     5 |    41 |    49 ||    95
       Lee's Rapid Decon |       |       |       |     9 ||     9
  Use: Scroll            |       |       |    12 |     2 ||    14
 Stab: Sleeping          |       |     3 |     2 |     1 ||     6
  Eat: Chunk             |     2 |     8 |    13 |     9 ||    32
       Ration            |       |       |     1 |       ||     1
Armor: Robe              |    70 |   117 |   181 |   132 ||   500
Dodge: Dodged            |   113 |   212 |   261 |   188 ||   774

Table legend:
 A = Non-vault XP
 B = Vault XP
 C = Vault XP percentage of total XP
 D = Non-vault monster count
 E = Vault monster count
 F = Vault count percentage of total count
                 A         B        C        D         E       F
            +---------+---------+-------+---------+---------+-------
      Total |    9386 |    2153 |  18.7 |     231 |      22 |   8.7
            +---------+---------+-------+---------+---------+-------
        D:1 |      29 |       0 |   0.0 |      19 |       0 |   0.0
        D:2 |      90 |      12 |  11.8 |      15 |       6 |  28.6
        D:3 |     129 |     307 |  70.4 |      29 |       2 |   6.5
        D:4 |     470 |       0 |   0.0 |      38 |       0 |   0.0
        D:5 |     765 |     163 |  17.6 |      25 |       2 |   7.4
        D:6 |    1263 |      22 |   1.7 |      26 |       6 |  18.8
        D:7 |     951 |       0 |   0.0 |      16 |       0 |   0.0
        D:8 |    2019 |    1308 |  39.3 |      28 |       5 |  15.2
        D:9 |    1434 |       0 |   0.0 |      18 |       0 |   0.0
       D:12 |    2236 |     341 |  13.2 |      17 |       1 |   5.6
            +---------+---------+-------+---------+---------+-------
